 Dungeon Crawl Stone Soup version 0.29-a0-582-ge82337ba6a (webtiles) character file.

Game seed: 6803029183198702786

175 bande the Covered (level 5, 0/33 HPs)
             Began as a Gargoyle Fighter on June 14, 2022.
             Slain by a gnoll sergeant
             ... wielding a +2 spear of venom
              (5 damage)
             ... on level 3 of the Dungeon.
             The game lasted 00:03:28 (2726 turns).

bande the Covered (Gargoyle Fighter)                Turns: 2726, Time: 00:03:28

Health: 0/33       AC: 14    Str: 19    XL:     5   Next: 55%
Magic:  5/5        EV:  9    Int:  9    God:
Gold:   67         SH:  4    Dex: 11    Spells: 4/4 levels left

rFire   . . .      SeeInvis .   a - +1 war axe (vorpal)
rCold   + . .      Faith    .   c - +0 buckler
rNeg    + . .      Spirit   .   b - +0 scale mail
rPois   ∞          Reflect  .   o - +1 helmet
rElec   +          Harm     .   i - +0 cloak
rCorr   .          Rampage  .   (no gloves)
Will    .....                   (no boots)
Stlth   ..........              (no amulet)
HPRegen 0.11/turn               e - ring of protection from cold
MPRegen 0.09/turn               (no ring)

@: no status effects
A: sickness immunity, AC +4, negative energy resistance 1, electricity
resistance, torment resistance 1, petrification resistance
a: no special abilities


You were on level 3 of the Dungeon.
You visited 1 branch of the dungeon, and saw 3 of its levels.

You collected 67 gold pieces.

Inventory:

Hand Weapons
 a - a +1 vorpal war axe (weapon)
 s - a +2 morningstar of holy wrath
Armour
 b - a +0 scale mail (worn)
 c - a +0 buckler (worn)
 i - a +0 cloak (worn)
 o - a +1 helmet (worn)
Jewellery
 e - a ring of protection from cold (left hand)
 g - a ring of ice
Wands
 j - a wand of paralysis (3)
Scrolls
 k - a scroll of teleportation
Potions
 d - a potion of might
 f - a potion of curing {unknown}
 n - a potion of berserk rage {unknown}
 p - a potion of degeneration {unknown}
 q - 2 potions of invisibility
 r - a potion of ambrosia {unknown}


   Skills:
 + Level 3.9 Fighting
 + Level 3.5 Axes
 + Level 4.2 Armour
 - Level 0.1 Dodging
 + Level 3.7 Shields
 * Level 1.1 Evocations


You had 4 spell levels left.
You didn't know any spells.
Your spell library was empty.

Dungeon Overview and Level Annotations

Branches:
Dungeon (3/15)

Altars:

Shops:
D:1 =


Innate Abilities, Weirdness & Mutations

You are immune to sickness and miasma.
Your stone body is resilient. (AC +4)
You are immune to poison.
You resist negative energy. (rN+)
You are resistant to electric shocks. (rElec)
You are resistant to unholy torment.
You are immune to petrification.


Message History

Unknown command.
You slash the gnoll!
You kill the gnoll!
The gnoll barely misses you. x2
The gnoll sergeant hits you but does no damage.
A worm and a gnoll come into view.
The gnoll shouts!
You block the gnoll's attack. x2
The gnoll sergeant hits you but does no damage.
Things that are here:
a +0 halberd; a gnoll corpse Unknown command.
You hit the gnoll sergeant.
The gnoll sergeant is lightly wounded.
You barely miss the gnoll. You slash the gnoll! The gnoll barely misses you.
The gnoll misses you. You block the gnoll's attack.
The gnoll sergeant hits you but does no damage.
You hit the gnoll sergeant but do no damage.
The gnoll sergeant is lightly wounded.
You hit the gnoll.
You kill the gnoll!
You barely miss the gnoll.
The gnoll hits you from afar with a +0 halberd.
The gnoll sergeant hits you but does no damage.
The gnoll hits you but does no damage. The ball python barely misses you.
You block the ball python's attack. The gnoll sergeant barely misses you.
The gnoll hits you but does no damage. The gnoll hits you with a +0 spear.
You hit the gnoll sergeant.
The gnoll sergeant is moderately wounded.
You closely miss the gnoll. You slash the ball python!
You kill the ball python!
The gnoll hits you with a +0 spear! The gnoll hits you but does no damage.
The gnoll sergeant hits you with a +2 spear of venom!
* * * LOW HITPOINT WARNING * * *
You hit the gnoll sergeant but do no damage.
The gnoll sergeant is moderately wounded.
You barely miss the gnoll. You closely miss the gnoll.
The gnoll hits you but does no damage. The gnoll closely misses you. x2
The gnoll sergeant hits you with a +2 spear of venom.
You die...

##.... .# ........ .#
....... .### #......
... # #..... ..###.#
#. #..... g...... #.
#.#.######g......
#.#####........@g.#
#.........######gw#
#....<........#.....
#..!....#####.#..###.#
#....†>.# ..#
#.#.##†.# ..#
#.#.##..# ..#
#....#..# ..#
#..#....#


You could see a gnoll sergeant, a worm and 3 gnolls.

Vanquished Creatures
  Crazy Yiuf (D:2)
  Jessica (D:2)
  Robin (D:2)
  2 gnolls (D:3)
  2 adders (D:2)
  2 worms (D:2)
  3 dart slugs (D:2)
  4 bats
  4 endoplasms
  2 giant cockroaches (D:1)
  10 goblins
  6 hobgoblins
  2 jackals (D:2)
  4 quokkas (D:1)
  9 ball pythons
  A frilled lizard (D:2)
  6 kobolds
  4 rats
64 creatures vanquished.

Notes
Turn   | Place    | Note
-------+----------+-------------------------------------------
     0 | D:1      | bande the Gargoyle Fighter began the quest for the Orb.
     0 | D:1      | Reached XP level 1. HP: 14/14 MP: 1/1
   190 | D:1      | Reached XP level 2. HP: 16/19 MP: 2/2
   601 | D:1      | Found Neacvaot's Jewellery Emporium.
   722 | D:1      | Reached XP level 3. HP: 23/23 MP: 3/3
  1371 | D:2      | Found a faded altar of an unknown god.
  1448 | D:2      | Reached XP level 4. HP: 29/29 MP: 4/4
  1538 | D:2      | Noticed Robin
  1553 | D:2      | Killed Robin
  1554 | D:2      | Reached skill level 4 in Armour
  2032 | D:2      | Noticed Jessica
  2044 | D:2      | Killed Jessica
  2045 | D:2      | Reached XP level 5. HP: 27/33 MP: 5/5
  2387 | D:2      | Found a runed translucent door.
  2388 | D:2      | Noticed Crazy Yiuf
  2395 | D:2      | Killed Crazy Yiuf
  2396 | D:2      | Reached skill level 1 in Evocations
  2726 | D:3      | Slain by a gnoll sergeant

Illustrated notes

Levels and vault maps discovered:
D:1:      onia_arrival_mini_spirals, layout_loops_corners, serial_shops, shop
D:2:      layout_loops_cross, chequers_ecumenical_altar_simple, uniq_robin,
          uniq_crazy_yiuf_cottage, uniq_jessica
D:3:      layout_loops_ring, gup_sewer_entry_spiral

Skill      XL: |  1  2  3  4  5 |
---------------+----------------+-----
Axes           | 2 3 |  3.5
Armour         | 4 |  4.2
Evocations     | 1 |  1.1
Fighting       | |  3.9
Dodging        | |  0.1
Shields        | |  3.7

Action                   |  1- 3 |  4- 6 || total
-------------------------+-------+-------++-------
Melee: War axe           |   103 |    86 ||   189
  Use: Scroll            |       |     8 ||     8
Armor: Scale mail        |    85 |    53 ||   138
Dodge: Dodged            |    56 |    60 ||   116
Block: Buckler           |    22 |    28 ||    50

Table legend: (Time is in decaauts)
 A = Elapsed time spent in this place.
 B = Non-inter-level travel time spent in this place.
 C = Inter-level travel time spent in this place.
 D = Time resting spent in this place.
 E = Time spent auto-exploring this place.
 F = Levels seen in this place.
 G = Mean time per level.
                   A        B        C        D        E       F      G
               +--------+--------+--------+--------+--------+-----+--------+
         Total |   2802 |   2741 |     61 |    478 |   1787 |   3 |  934.0 |
       Dungeon |   2802 |   2741 |     61 |    478 |   1787 |   3 |  934.0 |
               +--------+--------+--------+--------+--------+-----+--------+

Top non-repeatable levels by time:
     D:2: 1338 daAuts
     D:1: 1338 daAuts
     D:3: 126 daAuts
